Cogmind - Beta 13 @@@ ROGUE MODE // 2024.08.02 @ 23:26:23 Player: Blaj Result: Destroyed by Enhanced Grunt with Neutron Cannon Performance ------------- Evolutions (3) 1500 Regions Visited (16) 3200 Robots Destroyed (313) 1565 Value Destroyed (12188) 12188 Prototype IDs (220) 4400 Alien Tech Used (0) 0 Bonus (6298) 6298 TOTAL SCORE: 29151 Bonus ------- High Alert Combat Kills 2602 Follower Combat Kills 275 Entered Garrisons 600 Met Data Miner 300 Used Data Conduit 3000 Acquired ECA 300 Friendly Fire -779 Cogmind --------- Core Integrity 0/700 Matter 223/300 Energy 304/315 System Corruption 17% Temperature Cool (0) Movement Treading (170) Location -7/Data Miner Parts ------- > --- POWER (1) -------- Neutrino Core > --- PROPULSION (4) --- Armored Treads (fused) Improved Titanium Leg > --- UTILITY (4) ------ Deep Network Scanner Ghost Barrier > --- WEAPON (4) ------- (None) > --- INVENTORY (5) ---- Large Storage Unit Compact Battery (200) Improved EM Pulse Cannon Peak State ------------ > --- POWER ------------ Nuclear Core > --- PROPULSION ------- Armored Huge Wheel Armored Huge Wheel > --- UTILITY ---------- Improved Cooling System High-capacity Storage Unit Advanced Targeting Computer Hardened Medium Armor Plating > --- WEAPON ----------- Improved Spread Laser Improved Spread Laser Improved Spread Laser Enhanced Autogun > --- INVENTORY -------- Deuterium Engine Carbon-fiber Leg Titanium Leg Titanium Leg Improved Carbon-fiber Leg Coolant Injector High-capacity Matter Pod Seismic Detector Medium Reactive Plating Improved Shield Generator Hacking Suite Hacking Suite Long-range Tractor Beam Improved Spread Laser Improved Spread Laser Improved Spread Laser Mini Grenade Launcher Heavy Missile Launcher Datajack Plasma Cutter [Rating: 55] Favorites ----------- Power Heavy Ion Engine Engine Heavy Ion Engine Power Core Nuclear Core Propulsion Light Treads Treads Light Treads Leg Carbon-fiber Leg Wheel Armored Huge Wheel Flight Unit Xenon Bombardment Thruster Utility High-capacity Storage Unit Device Seismic Detector Storage High-capacity Storage Unit Processor Advanced Targeting Computer Hackware Hacking Suite Protection Hardened Medium Armor Plating Weapon Enhanced Autogun Energy Gun Spread Laser Energy Cannon Beam Cannon Ballistic Gun Enhanced Autogun Ballistic Cannon Assault Cannon Launcher Guided EMP Blaster Special Weapon Enhanced Flamer Impact Weapon Makeshift Hammer Slashing Weapon Makeshift Sword Special Melee Weapon Datajack Build | -11 -10 -10 -9 -9 -9 -8 -8 -8 -8 -8 -7 -7 -7 -7 -7 -7 ------- Run | Yrd Mat Min Mat Sto Gar Mat Gar Mat Gar Mat Fac Was Fac Low Low Dat Slots Evolved 6 | . . . 2 . . 2 . . . . 2 . . . . . Power . | . . . . . . . . . . . . . . . . . Propulsion 2 | . . . 1 . . . . . . . 1 . . . . . Utility 2 | . . . . . . 1 . . . . 1 . . . . . Weapon 2 | . . . 1 . . 1 . . . . . . . . . . Parts Attached 320 | 1 12 13 24 32 7 45 17 9 11 19 77 8 12 21 8 4 Power 15 | . . 2 2 4 . 2 1 1 . . 2 . . 1 . . Engine 9 | . . 1 2 4 . 1 . 1 . . . . . . . . Core 6 | . . 1 . . . 1 1 . . . 2 . . 1 . . Reactor . | . . . . . . . . . . . . . . . . . Propulsion 52 | . 3 3 5 4 2 9 4 . 2 4 2 3 5 4 2 . Treads 19 | . 2 2 3 4 2 1 . . . . . . 1 4 . . Leg 21 | . . . . . . 7 4 . 1 3 . 2 2 . 2 . Wheel 11 | . 1 1 2 . . 1 . . 1 1 2 1 1 . . . Hover . | . . . . . . . . . . . . . . . . . Flight 1 | . . . . . . . . . . . . . 1 . . . Utility 91 | 1 3 3 6 5 1 8 2 2 1 3 39 . 5 6 3 3 Device 66 | 1 1 3 5 3 1 5 1 2 . 3 33 . 1 5 1 1 Storage 5 | . 2 . . . . 1 . . . . . . . 1 1 . Processor 7 | . . . . 2 . . . . . . 2 . 3 . . . Hackware 3 | . . . . . . . . . . . . . 1 . . 2 Protection 10 | . . . 1 . . 2 1 . 1 . 4 . . . 1 . Artifact . | . . . . . . . . . . . . . . . . . Weapon 162 | . 6 5 11 19 4 26 10 6 8 12 34 5 2 10 3 1 Energy Gun 48 | . 1 . 7 11 4 7 1 . . . 10 3 2 1 1 . Energy Cannon 6 | . . 4 2 . . . . . . . . . . . . . Ballistic Gun 29 | . 2 . 1 1 . 2 . 5 4 6 8 . . . . . Ballistic Cannon 12 | . . . . . . 3 1 . . . 8 . . . . . Launcher 35 | . 3 1 . 4 . 8 5 . 1 1 7 2 . 3 . . Special Weapon 4 | . . . . 1 . . . . . . . . . 3 . . Impact Weapon 22 | . . . . 2 . 6 3 1 3 5 . . . 1 1 . Slashing Weapon 4 | . . . . . . . . . . . . . . 2 1 1 Piercing Weapon . | . . . . . . . . . . . . . . . . . Special Melee Weapon 2 | . . . 1 . . . . . . . 1 . . . . . Unidentified Prototypes 19 | . . . 1 6 . 1 . 1 . . 6 . 1 . . 3 Parts Lost 75 | . . 6 4 3 4 18 7 . 3 1 7 10 2 . 5 5 Power 6 | . . 3 . . . 1 1 . . . 1 . . . . . Propulsion 23 | . . 1 2 1 2 6 2 . 2 . . 2 1 . 2 2 Utility 17 | . . 1 1 . 1 2 2 . 1 . 3 3 . . 1 2 Weapon 29 | . . 1 1 2 1 9 2 . . 1 3 5 1 . 2 1 Highest Loss Streak 9 | . . 4 2 3 2 9 6 . 1 1 3 9 1 . 5 5 To Critical Strikes 1 | . . . . . . . . . . . . 1 . . . . Average Slot Usage (%) 91 | . 96 96 98 98 88 93 93 99 99 99 83 56 34 81 96 69 Engine 6 | . 14 10 10 11 11 7 2 2 9 9 . . . . . . Core 2 | . . 1 . . . 1 6 5 . . 6 4 . 5 7 7 Treads 13 | . 23 14 21 29 32 4 . . . . . . 3 26 17 15 Leg 7 | . 1 . . . . 20 24 27 18 22 . . . 2 10 15 Wheel 5 | . 3 13 10 3 . 1 . . 7 3 14 10 4 . . . Device 10 | . 11 12 10 2 10 13 8 9 9 9 12 4 2 14 8 6 Storage 9 | . 14 14 11 11 11 9 9 9 9 9 7 5 . 5 7 6 Processor 1 | . . . . 7 . . . . . . 2 5 8 8 7 6 Protection 3 | . . . . . . 3 9 9 9 9 6 3 . . 4 6 Energy Gun 13 | . 13 . 30 30 12 13 26 18 . . 6 13 4 2 9 . Ballistic Gun 8 | . 13 10 . . . 4 . 10 34 34 10 4 . . . . Ballistic Cannon 2 | . . . . . . 7 1 . . . 12 . . . . . Launcher 1 | . 1 8 . 1 9 . . . . . . 2 . . . . Impact Weapon 1 | . . . . . . 5 2 6 1 1 . . . 1 3 . Naked Turns 52 | . . . . . . . . . . . . 38 14 . . . Heaviest Build 107 | 13 89 92 99 103 102 107 70 71 71 71 77 75 6 47 55 47 Greatest Support 104 | 20 40 16 20 60 60 60 47 42 42 45 56 56 6 84 104 48 Greatest Overweight (x) 10 | . 5 5 9 10 2 3 3 1 7 7 2 2 1 2 1 . Average Overweight (x) 2 | . 2 5 7 3 1 1 1 1 4 3 1 . . . . . Largest Inventory Capacity 25 | 8 25 25 25 25 25 25 20 20 20 20 20 20 5 15 15 15 Average Capacity 20 | 8 19 25 25 25 25 20 20 20 20 20 20 15 5 13 15 14 Most Carried 25 | 6 18 22 25 25 25 20 18 20 20 20 20 20 5 15 15 15 Average Carried 18 | 6 11 20 23 24 22 17 16 17 19 19 18 15 4 7 14 14 Final Capacity 25 | 8 25 25 25 25 25 20 20 20 20 20 20 5 5 15 15 5 Final Carried 25 | 6 18 20 25 25 19 18 15 20 19 20 20 5 5 15 15 3 Class Distribution -------------------- 26% | Tank 22% | Mutant 15% | Scavenger-Gunner 10% | Gunner 8% | Scavenger-Tank 5% | Skirmisher 3% | Scavenger-Mutant Dominant Class ---------------- Mutant | -10/Materials Mutant | -10/Mines Scavenger-Gunner | -9/Materials Skirmisher | -9/Storage Scavenger-Gunner | -9/Garrison Tank | -8/Materials Scavenger-Tank | -8/Garrison Scavenger-Tank | -8/Materials Tank | -8/Garrison Tank | -8/Materials Tank | -7/Factory Gunner | -7/Waste Mutant | -7/Factory Scavenger-Mutant | -7/Lower Caves Derelict-Mutant | -7/Lower Caves Mutant | -7/Data Miner Resources | -11 -10 -10 -9 -9 -9 -8 -8 -8 -8 -8 -7 -7 -7 -7 -7 -7 ----------- Run | Yrd Mat Min Mat Sto Gar Mat Gar Mat Gar Mat Fac Was Fac Low Low Dat Matter Collected 8694 | 237 386 404 255 335 541 897 347 . 997 707 2586 155 68 642 109 28 Remotely 1037 | . . . . . . . . . . . 1037 . . . . . Salvage Created 10980 | 132 604 215 1091 950 978 1835 495 208 890 545 1753 381 98 551 226 28 Parts 577 | 5 40 7 49 59 63 92 36 6 53 48 83 . 4 19 11 2 Haulers Intercepted 22 | . 2 . 3 6 . 5 . 1 . . 5 . . . . . Recyclers Shooed 4 | . 1 . . . . 2 . . . . 1 . . . . . Parts Field Recycled . | . . . . . . . . . . . . . . . . . Retrieved Matter . | . . . . . . . . . . . . . . . . . Parts Self-Destructed 15 | . . . . . . . . . . . . . . 6 9 . Prevented . | . . . . . . . . . . . . . . . . . Kills | -11 -10 -10 -9 -9 -9 -8 -8 -8 -8 -8 -7 -7 -7 -7 -7 -7 ------- Run | Yrd Mat Min Mat Sto Gar Mat Gar Mat Gar Mat Fac Was Fac Low Low Dat Combat Hostiles Destroyed 247 | . 14 5 22 18 29 41 21 3 29 9 41 2 . 6 7 . Melee 6 | . . . . . 1 2 . . . . . . . . 3 . Guns 118 | . 9 . 22 10 8 7 8 3 26 9 15 . . . 1 . Cannons 27 | . . 3 . . . 7 . . . . 15 . . . 2 . AOE 92 | . 5 1 . 8 19 24 13 . 3 . 11 2 . 6 . . Classes Destroyed 20 | 2 6 2 2 . . 4 1 . . . 1 1 . 1 . . Worker 12 | . 2 . 1 2 . 4 . . . 1 2 . . . . . Builder 5 | . . . 1 . . 2 . . . . 1 . 1 . . . Tunneler 4 | 2 . 1 1 . . . . . . . . . . . . . Hauler 22 | . 2 . 3 6 . 5 . 1 . . 5 . . . . . Recycler 14 | 1 . . 1 2 . 2 . . . 1 6 . 1 . . . Mechanic 3 | . . . . . . 2 . . . . 1 . . . . . Operator 3 | . 1 . 1 . . . . . . 1 . . . . . . Watcher 6 | . 3 . . . . 1 . . . 1 1 . . . . . Swarmer 60 | . 3 . . 4 16 . 10 . 15 2 6 . . . 4 . Cutter 3 | . . . . . . . 3 . . . . . . . . . Grunt 132 | . 11 2 12 7 16 29 5 3 12 2 27 . . 5 1 . Brawler 4 | . . . . . . 4 . . . . . . . . . . Duelist 3 | . . . 1 . . 2 . . . . . . . . . . Protector 2 | . . . . . . 2 . . . . . . . . . . Sentry 36 | . . 2 9 7 3 3 2 . 2 4 3 . . 1 . . Demolisher 1 | . . 1 . . . . . . . . . . . . . . Hunter 4 | . . . . . . 1 1 . . 1 . . . . 1 . Programmer 6 | . . . . . . . . . . . 5 . . . 1 . Compactor 2 | . . . . . . . . . . . . 2 . . . . Decomposer 1 | . . . . . . . . . . . . . . . 1 . Packrat 3 | . . . . . . . . . . . . . . 3 . . Samaritan 5 | . . . . . . . . . . . . . . 5 . . Best Kill Streak 19 | 2 3 2 4 5 6 19 6 3 10 4 16 1 2 3 4 1 Combat Bots Only 14 | . 3 2 4 4 6 14 6 3 10 2 12 1 . 3 4 . Max Kills in Single Turn 4 | 1 2 1 1 3 3 4 3 1 3 2 3 1 1 2 1 1 Gunslinging 1 | . . . . . . . . . 1 . . . . . . . Exploded 3 | . 2 1 . 2 2 2 3 . 3 . 2 1 . 2 . . Melee 1 | . . . . . 1 1 . . . . . . . . 1 . Uniques/NPCs Destroyed 1 | . . . . . . . . . . . . . . . . 1 Data Miner (-7/Data Miner) Combat | -11 -10 -10 -9 -9 -9 -8 -8 -8 -8 -8 -7 -7 -7 -7 -7 -7 -------- Run | Yrd Mat Min Mat Sto Gar Mat Gar Mat Gar Mat Fac Was Fac Low Low Dat Hostile Shots Fired 1063 | . 48 39 60 77 56 181 56 6 60 33 294 10 36 42 56 9 Missed 306 | . 14 8 23 13 8 52 16 2 13 8 100 . 21 17 10 1 Damage Taken 11554 | . 437 758 507 945 968 2428 668 63 534 259 1917 764 235 225 517 329 Core 1748 | . 53 168 48 144 127 396 59 . 14 20 208 291 62 9 21 128 Absorbed by Shields 958 | . . . . . 55 76 71 . . . 449 . . 65 192 50 Regen/Repaired (Parts) 775 | . 357 . . 94 . . . . . . 324 . . . . . Core Remaining (%) 35 | 100 . 11 . . 20 . . . . 11 . . . . . . Volleys Fired 568 | 9 53 15 47 56 57 66 29 5 51 24 116 13 8 8 11 . Largest 4 | 2 2 2 3 3 3 4 4 4 4 4 4 4 2 2 4 . Hottest 290 | 70 70 120 195 195 195 240 224 100 100 100 250 225 90 69 290 . Shots Fired 1511 | 18 103 29 137 111 70 178 82 20 192 96 385 34 11 14 31 . Gun 1087 | 18 94 1 125 105 34 105 65 20 191 96 183 24 11 1 14 . Cannon 288 | . . 27 12 . . 51 11 . . . 187 . . . . . Launcher 119 | . 9 1 . 6 36 22 6 . 1 . 15 10 . 13 . . Special 17 | . . . . . . . . . . . . . . . 17 . Kinetic 793 | 9 47 1 5 . . 84 11 20 191 96 321 8 . . . . Thermal 541 | 9 47 27 132 68 30 67 65 . . . 49 16 . 1 30 . Explosive 83 | . 9 1 . 6 . 22 6 . 1 . 15 10 . 13 . . Electromagnetic 94 | . . . . 37 40 5 . . . . . . 11 . 1 . Robot Hit Streak 22 | 3 11 10 22 16 15 10 13 11 9 10 12 18 6 4 8 . Robot Miss Streak 8 | 2 4 2 8 5 6 6 3 2 4 4 7 2 2 2 1 . Penetration Max . | . . . . . . . . . . . . . . . . . Secondary Targets 17 | . . . 2 2 1 1 . 1 9 . 1 . . . . . Max Gunslinging Chain 2 | . . . 1 1 1 1 . 1 2 . 1 . . . . . Shots Hit Robots 898 | 10 58 20 102 74 26 130 44 16 89 52 201 31 7 14 23 1 Core Hits 756 | 4 42 10 143 80 63 127 39 6 44 22 125 19 2 17 12 1 Critical Kills 3 | . . . . . . 1 . . . 1 1 . . . . . Critical Parts Destroyed 3 | . . . . . . 2 . 1 . . . . . . . . Critical Strikes 20 | . 3 . . 1 . 8 . 1 . 1 3 . . . 3 . Burn 11 | . 3 . . 1 . 4 . . . . . . . . 3 . Destroy 4 | . . . . . . 1 . 1 . 1 1 . . . . . Blast 3 | . . . . . . 1 . . . . 2 . . . . . Smash 2 | . . . . . . 2 . . . . . . . . . . Melee Attacks 84 | . . . . 2 . 29 12 2 11 4 5 . . 10 8 1 Impact 60 | . . . . 2 . 29 12 2 11 4 . . . . . . Slashing 19 | . . . . . . . . . . . . . . 10 8 1 Piercing . | . . . . . . . . . . . . . . . . . Sneak Attacks 20 | . . . . . . 3 . 1 . . 5 . . 10 . 1 Combat Hostiles 1 | . . . . . . . . . . . 1 . . . . . Follow-up Attacks 1 | . . . . . . 1 . . . . . . . . . . Damage Inflicted 27927 | 126 1049 436 1557 1876 1926 5721 1948 342 1665 901 5753 2560 161 1457 377 72 Guns 10772 | 126 724 . 1440 1051 312 1053 674 253 1457 901 1908 660 126 . 87 . Cannons 3592 | . . 347 117 . . 514 88 . . . 2526 . . . . . Explosions 11239 | . 314 79 . 767 1582 3104 1186 . 208 . 1319 1900 35 745 . . Melee 2025 | . . . . . . 1011 . 89 . . . . . 712 141 72 Ramming 150 | . 11 10 . 58 32 39 . . . . . . . . . . Kinetic 7665 | 25 337 . 77 . . 821 88 253 1457 901 3580 126 . . . . Thermal 6737 | 101 387 347 1480 875 520 694 674 . . . 854 534 35 . 236 . Explosive 9554 | . 314 79 . 730 . 3073 1186 . 208 . 1319 1900 . 745 . . Electromagnetic 1796 | . . . . 213 1374 83 . . . . . . 126 . . . Impact 1100 | . . . . . . 1011 . 89 . . . . . . . . Slashing 925 | . . . . . . . . . . . . . . 712 141 72 Piercing . | . . . . . . . . . . . . . . . . . Highest Corruption 17 | . . . . 8 15 1 1 1 1 1 5 16 17 17 17 17 Average Corruption 6 | . . . . 2 11 1 1 1 1 1 2 10 16 17 17 17 Corruption Purged 5 | . . . . . . . . . . . 5 . . . . . Corruption Blocked . | . . . . . . . . . . . . . . . . . Effects 246 | . . . . 9 72 7 5 5 7 9 31 8 17 36 28 12 Message Errors 58 | . . . . 5 12 1 1 1 4 2 7 2 6 9 5 3 Matter Fused 68 | . . . . . 20 2 1 2 1 2 6 2 6 9 12 5 Heat Flow Errors 26 | . . . . 2 6 . 1 . . 3 7 1 . 5 1 . Energy Discharges 29 | . . . . 1 9 1 1 . 1 1 3 1 1 6 3 1 Parts Rejected 5 | . . . . . . 1 . 1 . . 2 . 1 . . . Parts Fused 5 | . . . . . 3 . . . . . 1 . 1 . . . Data Loss (minor) 24 | . . . . 1 10 1 . 1 1 . 3 . . 1 4 2 Data Loss (major) 12 | . . . . . 4 . . . . 1 1 . 1 4 . 1 Misfires 13 | . . . . . 6 . . . . . 1 1 . 2 3 . Misdirections 1 | . . . . . . . . . . . . . 1 . . . Weapon Failures 5 | . . . . . 2 1 1 . . . . 1 . . . . Overload Shots . | . . . . . . . . . . . . . . . . . Overflow Damage 850 | . 16 4 . 30 28 285 32 69 2 . 42 15 5 317 5 . Projectiles 34 | . . 4 . . . 6 . . . . 19 . . . 5 . Explosions 235 | . 16 . . 30 28 60 32 . 2 . 23 15 5 24 . . Melee 581 | . . . . . . 219 . 69 . . . . . 293 . . Knockbacks 30 | . . . . . . 11 1 . . . 18 . . . . . Impact 2 | . . . . . . 2 . . . . . . . . . . Kinetic 26 | . . . . . . 7 1 . . . 18 . . . . . Secondary 2 | . . . . . . 2 . . . . . . . . . . Self-Inflicted Damage 950 | . . 5 . 74 76 372 78 . . . 13 273 . 59 . . Shots 30 | . . . . 2 4 11 2 . . . 1 8 . 2 . . Rammed 16 | . 4 1 . 7 4 . . . . . . . . . . . Targets Rammed 25 | . 5 1 . 8 5 6 . . . . . . . . . . Kicked 6 | . . . . . . 6 . . . . . . . . . . Crushed 3 | . 1 . . 1 1 . . . . . . . . . . . Highest Temperature 376 | 63 99 294 356 374 376 307 314 158 221 229 332 171 10 272 294 . Average Temperature 89 | 27 25 113 99 118 84 90 96 82 87 85 93 62 10 103 93 . Received Heat Transfer 3199 | . 198 126 234 306 166 1067 155 36 171 36 548 . 51 69 36 . Effects 16 | . . . 2 7 1 2 . . . . 4 . . . . . Energy Bleed 2 | . . . . . . 2 . . . . . . . . . . Interference 13 | . . . 2 7 . . . . . . 4 . . . . . Damage (minor) 1 | . . . . . 1 . . . . . . . . . . . Siege Activations . | . . . . . . . . . . . . . . . . . Robots Corrupted 1 | . . . . . 1 . . . . . . . . . . . Combat Hostiles 1 | . . . . . 1 . . . . . . . . . . . Parts Fried 10 | . . . . 1 1 5 . 3 . . . . . . . . Impact Corruptions 10 | . . . . . . 8 . 2 . . . . . . . . Robots Melted 3 | . . 1 . . . . . . . . . . . . 2 . Combat Hostiles 2 | . . 1 . . . . . . . . . . . . 1 . Parts Melted 10 | . 2 4 . . . . 2 . . . . . . . 2 . Heat Transferred 12514 | 296 1369 740 1927 1271 695 1611 1480 . . . 845 445 50 . 1785 . Parts Sabotaged . | . . . . . . . . . . . . . . . . . Parts Stolen . | . . . . . . . . . . . . . . . . . Parts Stripped . | . . . . . . . . . . . . . . . . . Power Chain Reactions 6 | . . . . 1 3 1 . . . . . . 1 . . . Alert | -11 -10 -10 -9 -9 -9 -8 -8 -8 -8 -8 -7 -7 -7 -7 -7 -7 ------- Run | Yrd Mat Min Mat Sto Gar Mat Gar Mat Gar Mat Fac Was Fac Low Low Dat Peak Influence 1755 | 15 372 124 464 427 1755 1210 1584 794 1315 741 1075 395 344 . . . Initial 855 | . 9 70 13 190 195 855 786 772 354 640 194 376 226 . . . Average 579 | 8 161 59 303 331 964 939 1238 714 896 537 466 362 253 . . . Maximum Alert Level 5 | . 1 . 2 2 5 4 4 3 4 3 3 1 1 . . . Low Security (%) 22 | 100 86 100 23 6 . . . . . . 25 . . . . . Level 1 23 | . 13 . 44 71 7 . . . 7 20 33 100 100 . . . Level 2 15 | . . . 31 21 17 6 . 29 9 66 8 . . . . . Level 3 26 | . . . . . 36 78 31 70 59 12 32 . . . . . Level 4 11 | . . . . . 28 14 68 . 24 . . . . . . . Level 5 1 | . . . . . 8 . . . . . . . . . . . High Security . | . . . . . . . . . . . . . . . . . Max Security . | . . . . . . . . . . . . . . . . . Squads Dispatched 37 | . 3 . 1 4 . 8 . 1 . . 18 . 2 . . . Investigation 13 | . 2 . . 1 . 2 . . . . 7 . 1 . . . Extermination 4 | . . . . . . . . . . . 4 . . . . . Reinforcement 13 | . 1 . 1 . . 3 . 1 . . 6 . 1 . . . Assault 4 | . . . . . . 3 . . . . 1 . . . . . Garrison 3 | . . . . 3 . . . . . . . . . . . . Intercept . | . . . . . . . . . . . . . . . . . Searches Triggered . | . . . . . . . . . . . . . . . . . Construction Impeded 1 | . . . . . . 1 . . . . . . . . . . Haulers Reinforced 4 | . . . . . . . . . . . 3 . 1 . . . Active Scanning Responses . | . . . . . . . . . . . . . . . . . Cargo Convoy Interrupts . | . . . . . . . . . . . . . . . . . Stealth | -11 -10 -10 -9 -9 -9 -8 -8 -8 -8 -8 -7 -7 -7 -7 -7 -7 --------- Run | Yrd Mat Min Mat Sto Gar Mat Gar Mat Gar Mat Fac Was Fac Low Low Dat Distress Signals 20 | . . . 8 4 . 4 . 2 . 1 1 . . . . . Communications Jammed . | . . . . . . . . . . . . . . . . . Distress Signals . | . . . . . . . . . . . . . . . . . Times Spotted 339 | . 26 5 43 24 26 63 21 4 29 16 54 6 4 6 9 3 Peak Tracking Total 9 | . 4 2 6 8 4 9 5 3 8 3 5 4 5 3 4 3 Tactical Retreats 24 | . 3 . 3 4 3 1 1 . . 3 1 . 3 . 2 . Traps | -11 -10 -10 -9 -9 -9 -8 -8 -8 -8 -8 -7 -7 -7 -7 -7 -7 ------- Run | Yrd Mat Min Mat Sto Gar Mat Gar Mat Gar Mat Fac Was Fac Low Low Dat Traps Triggered 29 | . 2 . . 5 8 . 4 . 5 1 2 . 2 . . . Indirectly 1 | . . . . . 1 . . . . . . . . . . . Trap Hack Attempts 5 | . . . 5 . . . . . . . . . . . . . Triggered . | . . . . . . . . . . . . . . . . . Disarmed 1 | . . . 1 . . . . . . . . . . . . . Reprogrammed . | . . . . . . . . . . . . . . . . . Reused . | . . . . . . . . . . . . . . . . . Traps Extracted . | . . . . . . . . . . . . . . . . . Installed . | . . . . . . . . . . . . . . . . . Triggered . | . . . . . . . . . . . . . . . . . Machines | -11 -10 -10 -9 -9 -9 -8 -8 -8 -8 -8 -7 -7 -7 -7 -7 -7 ---------- Run | Yrd Mat Min Mat Sto Gar Mat Gar Mat Gar Mat Fac Was Fac Low Low Dat Machines Disabled 47 | . 2 . . 4 11 4 5 1 6 1 13 . . . . . Max in Single Turn 3 | . 2 . . 1 1 1 1 1 1 1 3 . . . . . Garrison Relay 13 | . . . . . 5 . 4 . 4 . . . . . . . Phase Generator 1 | . . . . . 1 . . . . . . . . . . . Machines Repaired . | . . . . . . . . . . . . . . . . . Machines Dismantled 1 | . . . . 1 . . . . . . . . . . . . Machines Sabotaged . | . . . . . . . . . . . . . . . . . Overloaded Fab Kills . | . . . . . . . . . . . . . . . . . Hacking | -11 -10 -10 -9 -9 -9 -8 -8 -8 -8 -8 -7 -7 -7 -7 -7 -7 --------- Run | Yrd Mat Min Mat Sto Gar Mat Gar Mat Gar Mat Fac Was Fac Low Low Dat Machines Accessed 69 | . 7 . 10 6 3 7 3 3 1 5 17 . 2 2 . 3 Terminals 47 | . 5 . 9 4 3 6 3 2 1 5 8 . 1 . . . Fabricators 6 | . . . . . . . . . . . 5 . 1 . . . Repair Stations 5 | . 1 . . 1 . . . . . . 3 . . . . . Recycling Units 1 | . 1 . . . . . . . . . . . . . . . Scanalyzers 2 | . . . 1 . . . . . . . 1 . . . . . Garrison Access 3 | . . . . 1 . 1 . 1 . . . . . . . . Total Hacks 181 | . 18 . 25 11 5 19 9 6 3 19 39 . 3 2 . 22 Successful 105 | . 10 . 14 7 3 10 3 3 . 9 21 . 1 2 . 22 Failed 76 | . 8 . 11 4 2 9 6 3 3 10 18 . 2 . . . Catastrophic 14 | . 1 . 2 . 1 2 . 1 1 1 3 . 2 . . . Database Lockouts . | . . . . . . . . . . . . . . . . . Manual 58 | . 12 . 7 . . 11 . 3 . 14 9 . 2 . . . Terminals 115 | . 12 . 21 7 5 18 9 4 3 19 15 . 2 . . . Fabricators 10 | . . . . . . . . . . . 9 . 1 . . . Repair Stations 19 | . 5 . . 2 . . . . . . 12 . . . . . Recycling Units 1 | . 1 . . . . . . . . . . . . . . . Scanalyzers 7 | . . . 4 . . . . . . . 3 . . . . . Garrison Access 5 | . . . . 2 . 1 . 2 . . . . . . . . Terminal Hacks 62 | . 3 . 7 4 3 6 3 2 . 6 3 . 1 2 . 22 Record 6 | . . . . . . . . . . . . . . . . 6 Part Schematic 13 | . 2 . . 1 . . . . . . 1 . . . . 9 Robot Schematic 4 | . . . . . . . . . . . . . . . . 4 Robot Analysis 1 | . 1 . . . . . . . . . . . . . . . Prototype ID Bank 3 | . . . . . . . . . . . . . . . . 3 Open Door 5 | . . . . 3 . . . . . . . . . 2 . . Branch Access Points 2 | . . . 1 . . . . . . . . . 1 . . . Emergency Access Points 2 | . . . . . 1 . 1 . . . . . . . . . Terminal Index 2 | . . . . . . 1 . . . 1 . . . . . . Alert Level 4 | . . . . . . 2 . 1 . 1 . . . . . . Unreport Threat 5 | . . . . . . 2 . 1 . 2 . . . . . . Locate Traps 3 | . . . 3 . . . . . . . . . . . . . Patrol Status 3 | . . . 1 . . 1 . . . . 1 . . . . . Hauler Manifests 2 | . . . . . . . . . . 1 1 . . . . . Registered Components 1 | . . . 1 . . . . . . . . . . . . . Registered Prototypes 1 | . . . 1 . . . . . . . . . . . . . Zone Layout 1 | . . . . . . . . . . 1 . . . . . . Garrison Registry 2 | . . . . . 1 . 1 . . . . . . . . . Security Stations 2 | . . . . . 1 . 1 . . . . . . . . . Fabricator Hacks 5 | . . . . . . . . . . . 5 . . . . . Network Status 1 | . . . . . . . . . . . 1 . . . . . Load Schematic 2 | . . . . . . . . . . . 2 . . . . . Build 2 | . . . . . . . . . . . 2 . . . . . Repair Station Hacks 13 | . 4 . . 2 . . . . . . 7 . . . . . Scan Component 7 | . 2 . . 1 . . . . . . 4 . . . . . Repair 6 | . 2 . . 1 . . . . . . 3 . . . . . Recycling Unit Hacks . | . . . . . . . . . . . . . . . . . Scanalyzer 5 | . . . 3 . . . . . . . 2 . . . . . Insert Component 2 | . . . 1 . . . . . . . 1 . . . . . Analyze 3 | . . . 2 . . . . . . . 1 . . . . . Garrison Access Hacks 3 | . . . . 1 . 1 . 1 . . . . . . . . Unlock Access 3 | . . . . 1 . 1 . 1 . . . . . . . . Unauthorized Hacks 17 | . 3 . 4 . . 3 . . . 3 4 . . . . . Terminals 14 | . 2 . 4 . . 3 . . . 3 2 . . . . . Assimilate 2 | . 1 . 1 . . . . . . . . . . . . . Botnet 6 | . . . 2 . . 2 . . . 2 . . . . . . Operators 4 | . 1 . 1 . . 1 . . . 1 . . . . . . Sabotage 1 | . . . . . . . . . . . 1 . . . . . Search 1 | . . . . . . . . . . . 1 . . . . . Fabricators 1 | . . . . . . . . . . . 1 . . . . . Haulers 1 | . . . . . . . . . . . 1 . . . . . Repair Stations 1 | . . . . . . . . . . . 1 . . . . . Mechanics 1 | . . . . . . . . . . . 1 . . . . . Recycling Units 1 | . 1 . . . . . . . . . . . . . . . Tunnel 1 | . 1 . . . . . . . . . . . . . . . Scanalyzers . | . . . . . . . . . . . . . . . . . Garrison Access . | . . . . . . . . . . . . . . . . . Data Cores Recovered . | . . . . . . . . . . . . . . . . . Used . | . . . . . . . . . . . . . . . . . Hacking Detections 52 | . 5 . 7 3 3 6 3 3 1 5 14 . 2 . . . Full Trace Events 10 | . 1 . . . 1 2 1 . . . 4 . 1 . . . Feedback Events . | . . . . . . . . . . . . . . . . . Feedback Blocked . | . . . . . . . . . . . . . . . . . Robot Schematics Acquired 4 | . . . . . . . . . . . . . . . . 4 Robots Built . | . . . . . . . . . . . . . . . . . Authchips . | . . . . . . . . . . . . . . . . . Time . | . . . . . . . . . . . . . . . . . Total Robot Build Rating . | . . . . . . . . . . . . . . . . . Part Schematics Acquired 15 | . 2 . 1 1 . . . . . . 2 . . . . 9 Parts Built 2 | . . . . . . . . . . . 2 . . . . . Authchips . | . . . . . . . . . . . . . . . . . Time 232 | . . . . . . . . . . . 232 . . . . . Total Part Build Rating 6 | . . . . . . . . . . . 6 . . . . . Parts Repaired 6 | . 2 . . 1 . . . . . . 3 . . . . . Time 258 | . 52 . . 26 . . . . . . 180 . . . . . Parts Recycled . | . . . . . . . . . . . . . . . . . Recycled Matter . | . . . . . . . . . . . . . . . . . Retrieved Matter . | . . . . . . . . . . . . . . . . . Retrieved Components . | . . . . . . . . . . . . . . . . . Parts Scanalyzed 2 | . . . 1 . . . . . . . 1 . . . . . Part Schematics Acquired 2 | . . . 1 . . . . . . . 1 . . . . . Parts Damaged . | . . . . . . . . . . . . . . . . . Bothacking | -11 -10 -10 -9 -9 -9 -8 -8 -8 -8 -8 -7 -7 -7 -7 -7 -7 ------------ Run | Yrd Mat Min Mat Sto Gar Mat Gar Mat Gar Mat Fac Was Fac Low Low Dat Used RIF Installer . | . . . . . . . . . . . . . . . . . Robots Hacked 1 | . . . . . . . . . . . 1 . . . . . Non-combat 1 | . . . . . . . . . . . 1 . . . . . Combat . | . . . . . . . . . . . . . . . . . Robot Hacks Applied 4 | . . . . . . . . . . . 4 . . . . . find_chute 4 | . . . . . . . . . . . 4 . . . . . Relay Couplers Released 55 | . . . . . 21 . 17 . 17 . . . . . . . Machine Destruction 55 | . . . . . 21 . 17 . 17 . . . . . . . Fabnet Peak Effective % . | . . . . . . . . . . . . . . . . . Robots Rewired 6 | . . . . . 5 . . . . . 1 . . . . . Allies Hacked . | . . . . . . . . . . . . . . . . . Hacks Repelled . | . . . . . . . . . . . . . . . . . Allies | -11 -10 -10 -9 -9 -9 -8 -8 -8 -8 -8 -7 -7 -7 -7 -7 -7 -------- Run | Yrd Mat Min Mat Sto Gar Mat Gar Mat Gar Mat Fac Was Fac Low Low Dat Total Allies 18 | . 1 . 1 10 5 . . . . . 1 . . . . . Largest Group 12 | . 1 . 1 10 12 . . . . . 1 . . . . . Highest-Rated Group 150 | . 10 . 10 88 150 . . . . . 32 . . . . . Highest-Rated Ally 32 | . 10 . 10 16 31 . . . . . 32 . . . . . Total Orders 3 | . . . . 1 . 2 . . . . . . . . . . EXPLORE 3 | . . . . 1 . 2 . . . . . . . . . . Ally Attacks 47 | . . . . . 43 . . . . . 4 . . . . . Total Damage 562 | . . . . . 367 . . . . . 195 . . . . . Kills 9 | . . . . . 8 . . . . . 1 . . . . . Allies Corrupted . | . . . . . . . . . . . . . . . . . Allies Melted . | . . . . . . . . . . . . . . . . . Intel | -11 -10 -10 -9 -9 -9 -8 -8 -8 -8 -8 -7 -7 -7 -7 -7 -7 ------- Run | Yrd Mat Min Mat Sto Gar Mat Gar Mat Gar Mat Fac Was Fac Low Low Dat Robot Analysis Total 135 | . 1 . . . . . . . . . . . . . . 134 Derelict Logs Recovered 4 | . . 1 . . . . . . . . . . . 2 1 . Drone Launches 28 | . . . . 26 . 2 . . . . . . . . . . Drone Recoveries 13 | . . . . 11 . 2 . . . . . . . . . . Exploration | -11 -10 -10 -9 -9 -9 -8 -8 -8 -8 -8 -7 -7 -7 -7 -7 -7 ------------- Run | Yrd Mat Min Mat Sto Gar Mat Gar Mat Gar Mat Fac Was Fac Low Low Dat Turns Passed 17342 | 75 1573 949 1822 1349 1859 1374 1153 571 1319 855 2219 176 320 819 669 240 Spaces Moved 7754 | 11 612 496 689 377 688 490 480 133 523 363 1385 158 469 479 264 137 Core 614 | . . . . . . . . . . . . 96 446 72 . . Treads 2174 | . 374 . 1 247 688 56 . . . . . . . 407 264 137 Legs 1398 | 11 36 . . . . 339 480 133 216 183 . . . . . . Wheels 3545 | . 202 496 688 130 . 95 . . 307 180 1385 62 . . . . Hover . | . . . . . . . . . . . . . . . . . Flight 23 | . . . . . . . . . . . . . 23 . . . Fastest Speed 50 | 120 120 175 175 215 240 130 190 193 185 130 115 50 50 50 160 165 Average Speed 173 | 120 207 175 200 232 241 190 204 193 206 177 115 75 51 152 216 165 Slowest Speed 480 | 120 320 175 480 240 320 240 330 193 265 190 130 130 100 160 245 170 Overloaded Moves . | . . . . . . . . . . . . . . . . . Propulsion Burnouts . | . . . . . . . . . . . . . . . . . Robots Hopped . | . . . . . . . . . . . . . . . . . Cave-ins Triggered 1 | . . . . . 1 . . . . . . . . . . . Exploration Rate (%) 59 | 4 98 83 78 85 90 58 68 13 69 42 44 77 13 62 51 76 Regions Visited 16 Branch Regions 5 Pre-discovered Areas 30 | . 1 . . . . . . . . . . . . 2 . 27 Known Exits Taken 6 | . . . 1 1 . 1 . 1 . . . . 1 . 1 . Unknown Exits Taken 5 | 1 1 1 . . . . . . . 1 . . . 1 . . Scrap Searched 4 | . . 1 . . . . . . . . . . . 2 1 . Spaces Dug 46 | . . 4 . 1 . 1 2 1 4 4 11 . . 18 . . Terrain Destroyed 651 | . 17 4 . 45 75 157 25 1 11 4 78 119 . 115 . . Melee 13 | . . . . 1 . 1 2 1 4 4 . . . . . . Projectile 9 | . . . . . . . . . . . 9 . . . . . AOE 629 | . 17 4 . 44 75 156 23 . 7 . 69 119 . 115 . . Terrain Rammed 1 | . . . . 1 . . . . . . . . . . . . Walls Destroyed 1 | . . . . 1 . . . . . . . . . . . . Machines Disabled . | . . . . . . . . . . . . . . . . . Actions | -11 -10 -10 -9 -9 -9 -8 -8 -8 -8 -8 -7 -7 -7 -7 -7 -7 --------- Run | Yrd Mat Min Mat Sto Gar Mat Gar Mat Gar Mat Fac Was Fac Low Low Dat Total 10541 | 54 806 546 1029 734 816 757 576 441 696 545 1803 189 534 543 317 155 Wait 1396 | 34 101 9 222 219 32 100 20 275 50 116 152 7 34 5 20 . Move 7740 | 10 611 495 688 376 687 490 479 132 522 362 1385 157 468 478 263 137 Hop . | . . . . . . . . . . . . . . . . . Pick Up 142 | . 17 9 24 8 . 14 . 9 6 7 29 . 5 7 4 3 Fast Attach 91 | 1 2 1 5 10 . 11 7 4 1 3 13 4 12 12 4 1 Attach 87 | . 1 5 7 5 6 18 6 1 2 1 17 3 1 7 4 3 Detach 44 | . 1 1 2 7 1 4 3 2 . 2 8 1 1 9 . 2 Swap 144 | . 9 7 12 17 1 16 4 4 8 15 48 1 . 2 . . Drop 121 | . 6 3 17 14 . 4 . 7 5 11 30 3 5 5 3 8 Fire 568 | 9 53 15 47 56 57 66 29 5 51 24 116 13 8 8 11 . Melee 83 | . . . . 2 . 28 12 2 11 4 5 . . 10 8 1 Ram 2 | . . 1 . 1 . . . . . . . . . . . . Kick 6 | . . . . . . 6 . . . . . . . . . . Crush 18 | . 5 . . 8 5 . . . . . . . . . . . Escape Stasis 66 | . . . . . 10 . 16 . 40 . . . . . . . Rewire 17 | . . . . . 17 . . . . . . . . . . . Trap 5 | . . . 5 . . . . . . . . . . . . . Miscellaneous 11 | . . . . 11 . . . . . . . . . . . . Route ------- -11/Scrapyard -10/Materials (discovered 5 exits: *Mat x3 / [*Min x2]) -10/Mines -9/Materials (discovered 6 exits: *Mat x2 / *Min x2 / *Sto x2) -9/Storage (discovered 2 exits: *Mat / Gar) -9/Garrison (discovered 3 exits: *Mat x3) -8/Materials -8/Garrison (discovered 3 exits: *Mat x3) -8/Materials -8/Garrison (discovered 3 exits: *Mat x3) -8/Materials -7/Factory (discovered 3 exits: *Fac x3) -7/Waste -7/Factory (discovered 2 exits: *Low x2) -7/Lower Caves -7/Lower Caves (discovered 2 exits: *Fac / *Dat) -7/Data Miner (discovered 1 exit: [*Pro]) History --------- Turn | Location | Event 1 | -11/Scrapyard | Discovered new exit (range 3) 76 | -11/Scrapyard | Entered Materials 310 | -10/Materials | Build established: Mutant 482 | -10/Materials | Discovered new exit (range 14) 644 | -10/Materials | Discovered new exit (range 12) 984 | -10/Materials | Discovered new exit (range 16) 1184 | -10/Materials | Discovered new exit (range 12) 1404 | -10/Materials | Discovered new exit (range 15) 1493 | -10/Materials | Repaired Assault Rifle 1520 | -10/Materials | Repaired Hcp. Storage Unit 1649 | -10/Materials | Entered Mines 1698 | -10/Mines | Received a Rocket Launcher from a helpful Derelict 1755 | -10/Mines | A weapon hastily lodged in a ceiling crevice suddenly fell to the ground 1814 | -10/Mines | Assembled infested the area 1819 | -10/Mines | Assisted by a Guerilla fighting off Assembled 1913 | -10/Mines | Learned Materials terminal intel 2195 | -10/Mines | Discovered new exit (range 5) 2347 | -10/Mines | Core integrity fell below 50% 2377 | -10/Mines | Lost 4 parts (2p1n1w) 2463 | -10/Mines | Core integrity fell below 20% 2598 | -10/Mines | Entered Materials 2598 | -9/Materials | Evolved 2 slots: Propulsion x1, Weapon x1 2599 | -9/Materials | Loaded intel: 11 terminal locations 3021 | -9/Materials | Discovered new exit (range 9) 3129 | -9/Materials | Build established: Scavenger-Gunner 3147 | -9/Materials | Discovered new exit (range 16) 3264 | -9/Materials | Identified exit to Mines 3264 | -9/Materials | Identified exit to Storage 3635 | -9/Materials | Discovered new exit (range 11) 4117 | -9/Materials | Discovered new exit (range 4) 4215 | -9/Materials | Build established: Gunner 4420 | -9/Materials | Entered Storage 4503 | -9/Storage | Repaired Lgt. Treads 4675 | -9/Storage | Discovered new exit (range 74) 4730 | -9/Storage | Lost 7 allies 4758 | -9/Storage | Lost 3 parts (1n2w) 5033 | -9/Storage | Build established: Skirmisher 5398 | -9/Storage | Garrison activated, responded to threat 5468 | -9/Storage | Identified exit to Garrison 5581 | -9/Storage | Assisted by bots powering up and referring to "LRC-V3" 5769 | -9/Storage | Entered Garrison 5769 | -9/Garrison | Accompanied by 10 allies 5865 | -9/Garrison | Triggered checkpoint 5920 | -9/Garrison | Build established: Commander-Gunner 5939 | -9/Garrison | Triggered checkpoint 6008 | -9/Garrison | Lost 5 allies 6045 | -9/Garrison | Core integrity fell below 50% 6085 | -9/Garrison | Lost 6 allies 6235 | -9/Garrison | Triggered checkpoint 6337 | -9/Garrison | Triggered checkpoint 6439 | -9/Garrison | Learned Materials security intel 6575 | -9/Garrison | Discovered new exit (range 14) 6645 | -9/Garrison | Build established: Scavenger-Gunner 6654 | -9/Garrison | Phase Generator disabled 6667 | -9/Garrison | Crushed by falling debris 6667 | -9/Garrison | System corruption reached 10% 6742 | -9/Garrison | Garrison Relay disabled 6855 | -9/Garrison | Triggered checkpoint 6975 | -9/Garrison | Triggered checkpoint 7039 | -9/Garrison | Garrison Relay disabled 7039 | -9/Garrison | Triggered checkpoint 7171 | -9/Garrison | Discovered new exit (range 10) 7329 | -9/Garrison | Triggered checkpoint 7447 | -9/Garrison | Discovered new exit (range 74) 7447 | -9/Garrison | Discovered new exit (range 12) 7447 | -9/Garrison | Discovered new exit (range 48) 7546 | -9/Garrison | Garrison Relay disabled 7599 | -9/Garrison | Triggered checkpoint 7628 | -9/Garrison | Entered Materials 7628 | -8/Materials | Evolved 2 slots: Utility x1, Weapon x1 7889 | -8/Materials | Destroyed 8 combat bots 7896 | -8/Materials | Lost 9 parts (3n6w) 8028 | -8/Materials | First assault squad dispatched 8174 | -8/Materials | Lost 6 parts (1p2n1u2w) 8178 | -8/Materials | Destroyed 14 combat bots 8181 | -8/Materials | Build established: Mutant 8477 | -8/Materials | Core integrity fell below 50% 8537 | -8/Materials | Build established: Tank 8987 | -8/Materials | Destroyed 7 combat bots 9002 | -8/Materials | Identified exit to Garrison 9002 | -8/Materials | Entered Garrison 9068 | -8/Garrison | Learned Materials security intel 9089 | -8/Garrison | Discovered new exit (range 95) 9089 | -8/Garrison | Discovered new exit (range 56) 9089 | -8/Garrison | Discovered new exit (range 73) 9165 | -8/Garrison | Garrison Relay disabled 9335 | -8/Garrison | Lost 6 parts (1p1n2u2w) 9368 | -8/Garrison | Triggered checkpoint 9371 | -8/Garrison | Triggered checkpoint 9482 | -8/Garrison | Garrison Relay disabled 9612 | -8/Garrison | Build established: Scavenger-Tank 9708 | -8/Garrison | Triggered checkpoint 9709 | -8/Garrison | Core integrity fell below 20% 9812 | -8/Garrison | Triggered checkpoint 9838 | -8/Garrison | Garrison Relay disabled 10023 | -8/Garrison | Garrison Relay disabled 10054 | -8/Garrison | Triggered checkpoint 10155 | -8/Garrison | Entered Materials 10204 | -8/Materials | Identified exit to Garrison 10726 | -8/Materials | Entered Garrison 10823 | -8/Garrison | Garrison Relay disabled 10847 | -8/Garrison | Build established: Tank 10877 | -8/Garrison | Triggered checkpoint 10939 | -8/Garrison | Destroyed 8 combat bots 10985 | -8/Garrison | Destroyed 10 combat bots 11077 | -8/Garrison | Discovered new exit (range 12) 11170 | -8/Garrison | Triggered checkpoint 11276 | -8/Garrison | Garrison Relay disabled 11354 | -8/Garrison | Triggered checkpoint 11462 | -8/Garrison | Discovered new exit (range 10) 11539 | -8/Garrison | Triggered checkpoint 11727 | -8/Garrison | Garrison Relay disabled 11922 | -8/Garrison | Triggered checkpoint 11948 | -8/Garrison | Garrison Relay disabled 12029 | -8/Garrison | Discovered new exit (range 10) 12045 | -8/Garrison | Entered Materials 12877 | -8/Materials | Discovered new exit (range 15) 12900 | -8/Materials | Entered Factory 12900 | -7/Factory | Evolved 2 slots: Propulsion x1, Utility x1 13244 | -7/Factory | Repaired Enh. Autogun 13312 | -7/Factory | Repaired Enh. Autogun 13381 | -7/Factory | Repaired Enh. Autogun 13763 | -7/Factory | Specialist reinforcements revealed to be Infiltrators 13775 | -7/Factory | Discovered new exit (range 8) 14069 | -7/Factory | Lost 3 parts (2u1w) 14096 | -7/Factory | Destroyed 12 combat bots 14437 | -7/Factory | Discovered new exit (range 15) 14593 | -7/Factory | Build established: Gunner 14781 | -7/Factory | Fabricated Enh. Autogun? 14862 | -7/Factory | Discovered new exit (range 4) 14868 | -7/Factory | Identified exit to Factory 14885 | -7/Factory | Fabricated Enh. Autogun? 14936 | -7/Factory | First assault squad dispatched 15119 | -7/Factory | Sucked down chute 15119 | -7/Factory | Entered Waste 15134 | -7/Waste | EMP discharged 15160 | -7/Waste | Spotted C-40 Crusher 15163 | -7/Waste | Spotted C-40 Crusher 15166 | -7/Waste | Spotted C-40 Crusher 15220 | -7/Waste | Destroyed C-40 Crusher 15225 | -7/Waste | Crushed by Compactor (1 part destroyed) 15228 | -7/Waste | Crushed by Compactor (0 parts destroyed, 1 dropped) 15231 | -7/Waste | Crushed by Compactor (1 part destroyed, 1 dropped) 15234 | -7/Waste | EMP discharged 15234 | -7/Waste | System corruption reached 10% 15235 | -7/Waste | Core integrity fell below 50% 15237 | -7/Waste | Crushed by Compactor (0 parts destroyed, 1 dropped) 15240 | -7/Waste | Crushed by Compactor (1 part destroyed, 1 dropped) 15243 | -7/Waste | Crushed by Compactor (1 part destroyed) 15245 | -7/Waste | Spotted C-40 Crusher 15245 | -7/Waste | Destroyed C-40 Crusher 15246 | -7/Waste | Crushed by Compactor (1 part destroyed, 1 dropped) 15251 | -7/Waste | Spotted C-40 Crusher 15257 | -7/Waste | Crushed by Compactor (1 part destroyed) 15265 | -7/Waste | Spotted C-40 Crusher 15288 | -7/Waste | Lost 9 parts (2n2u5w) 15288 | -7/Waste | Discovered new exit (range 13) 15295 | -7/Waste | Entered Factory 15364 | -7/Factory | Identified exit to Lower Caves 15531 | -7/Factory | Build established: Mutant 15573 | -7/Factory | Core integrity fell below 20% 15615 | -7/Factory | Entered Lower Caves 15639 | -7/Lower Caves | Met a Warlord Commander 15640 | -7/Lower Caves | Learned location of Warlord (-5) 15641 | -7/Lower Caves | Warlord Commander delivered Encrypted Comm Array 15644 | -7/Lower Caves | Found Encrypted Comm Array 15691 | -7/Lower Caves | Learned location of Zion (-6) 15868 | -7/Lower Caves | Attracted the attention of an 0b10 checkpoint 16015 | -7/Lower Caves | Discovered new exit (range 5) 16113 | -7/Lower Caves | Build established: Scavenger-Mutant 16312 | -7/Lower Caves | Learned 4 Factory zone layouts 16317 | -7/Lower Caves | Found Prototype Device 16434 | -7/Lower Caves | Entered another Lower Caves area 16455 | -7/Lower Caves | Discovered exit to Factory (range 15) 16515 | -7/Lower Caves | Build established: Pyromaniac-Gunner 16575 | -7/Lower Caves | Lost 5 parts (2n1u2w) 16657 | -7/Lower Caves | Identified exit to Data Miner 17103 | -7/Lower Caves | Entered Data Miner 17105 | -7/Data Miner | Discovered new exit (range 6) 17137 | -7/Data Miner | Met Data Miner 17195 | -7/Data Miner | Learned location of Section 7 (-2) 17195 | -7/Data Miner | Acquired the access code to Warlord's prototype stash 17209 | -7/Data Miner | Received God Mode back door access code from Data Miner 17310 | -7/Data Miner | Destroyed Data Miner 17313 | -7/Data Miner | Found Prototype Hackware 17316 | -7/Data Miner | Found Prototype Hackware 17317 | -7/Data Miner | Interfaced with the Data Conduit 17335 | -7/Data Miner | Identified Heart of Steel 17337 | -7/Data Miner | Identified Deep Network Scanner 17338 | -7/Data Miner | Identified Ghost Barrier 17343 | -7/Data Miner | Destroyed by Enhanced Grunt with Neutron Cannon Last Messages --------------- 17317_ Acquired 28 matter. 17317_ Interfacing with system... Downloaded 134 analysis records. Downloaded 732 prototype IDs. Downloaded central machine database. Downloaded 26 destinations. Downloaded encryption format records. Connection remotely terminated. 17326_ Mak. Sword destroyed. 17329_ Imp. Shield Generator destroyed. 17329_ Imp. Medium Armor Plating destroyed. 17335_ Discarded Adv. Targeting Computer. 17335_ Identified Heart of Steel. 17337_ Identified Deep Network Scanner. 17338_ Identified Ghost Barrier. 17339_ Dropped Lrg. Storage Unit. 17339_ Dropped Heart of Steel. 17340_ Acquired Lrg. Storage Unit. 17341_ Med. Treads destroyed. 17341_ Aluminum Leg destroyed. Map ----- +----------------------------------------------------+ | | | | | | | | | | | | | | | | | ?????????????????????????????????????????? | | ?????????????????????????????????????????? | | ?????????????????????????????????????????? | | ?????????????????????????????????????????? | | ?????????????????????????????????????####? | | ??????###############??????????????### #? | | ?????"""""""""""""""######????????## #? | | ????""""""""" """"""""# ######## < ##? | | ????""""""""" ## | | ????"""""" | | ???""""""" | | ???"""""" ] | | ???"""""""[ | | ????"""""" """"""""""""""""## | | ????""""""" """"###############? | | ????""""""" ggg"""""###??????????????? | | ?????"""""""" "#####????????????????? | | ??????######"## @]"#????????????????????? | | ???????????#"### ]!"#????????????????????? | | ???????????#"###]* "#????????????????????? | | ???????????#"## !!]"#????????????????????? | | ???????????#"## !"#????????????????????? | | ?????????????# "#????????????????????? | | ?????????????### "#????????????????????? | | ???????????????# "##???????????????????? | | ??????????????## ""#???????????????????? | | ???????????#?## ""#???????????????????? | | ?????????"##"#"X ""#???????????????????? | | ?????????"""""" "####????????????????? | | ?????????#""""" X"""""????????????????? | | ??????????##"#"X "##"#????????????????? | | ???????????#?## X""""#????????????????? | | ??????????????## "##"#????????????????? | | ???????????????#######???????????????????? | | ?????????????????????????????????????????? | | ?????????????????????????????????????????? | | ?????????????????????????????????????????? | | ?????????????????????????????????????????? | | ?????????????????????????????????????????? | | ?????????????????????????????????????????? | | ?????????????????????????????????????????? | | ?????????????????????????????????????????? | +----------------------------------------------------+ Best States ------------- Heat Dissipation 61 Coolant Potential 65 Energy Generation 19 Energy Capacity 315 Matter Stores 300 Matter Capacity 300 Sight Range 16 Terrain Scan Density 310 Armor Coverage 225 Evasion (%) 57 Targeting Accuracy 8 Recoil Reduction 4 Offensive Hacking 25 Defensive Hacking 20 Item Schematics ----------------- Hcp. Storage Unit | -10/Materials | Hacked Huge Storage Unit | -10/Materials | Hacked Hacking Suite | -9/Materials | Scanalyzed Adv. ECM Suite | -9/Storage | Hacked Enh. Autogun | -7/Factory | Scanalyzed Hyp. Gauss Cannon | -7/Factory | Hacked Combat Drone Bay | -7/Data Miner | Free Lgt. Regenerative Plating | -7/Data Miner | Free Biomechanical Wings | -7/Data Miner | Free Exp. Propulsion Shielding | -7/Data Miner | Free Shock Maul | -7/Data Miner | Free Arm. Medium Treads | -7/Data Miner | Free Imp. Weapon Cycler | -7/Data Miner | Free Mass Driver | -7/Data Miner | Free Point Defense System | -7/Data Miner | Free Robot Schematics ------------------ B-60 Warrior | -7/Data Miner | Free C-17 Slicer | -7/Data Miner | Free M-28 Smith | -7/Data Miner | Free X-67 Chaingunner | -7/Data Miner | Free Fabricated ------------ Enh. Autogun | x1 | -7/Factory Enh. Autogun | x1 | -7/Factory Alien Tech Used ----------------- None Achievements -------------- Just Shoot The Terminal Challenges ------------ None Game ------ Seed LongswordSignalHumpback Manual? 0 Play Time 02:48:28 Cumulative 219.5 hours Start 2024.08.02 @ 19:19:37 End 2024.08.02 @ 23:26:23 Sessions 3 Manual Loads 0 Difficulty Rogue Special Mode None Game No. 51 Rogue 51 Adventurer 0 Explorer 0 Win Type - Total 9 Types 5/0/2/0/1/1/0/0/0 Lore% 68 Gallery% 84 Achievement% 76 Wizard Run 0 Options --------- Layout 2 ASCII 0 Keyboard 1 Movement Vi Keybinds 0 Fullscreen 1 Font 24/Smallcaps Map View 50x44 Zoom Use 0% Tactical HUD 1 Map Filters NONE Filters NONE Steam 1 RUN: 9861548b-753f-4524-a0ae-6300f1d369db